[ AOE2 MATCH · #506789741 ]
UnrankedSicilians vs Byzantines
Player's team · WIN
Rival team · LOSS
[ REPLAY ANALYSIS · EXTRACTED FROM THE RECORDED GAME ]
Feudal
11:46
Castle
—
Imperial
—
| APM avg | 65.7 |
| APM peak | 102 |
| eAPM avg | 20.2 |
| Villagers / military | 30 / 15 |
Focus
⚔️ 27.5% · 🌾 72.5%
Archer ×11 · Militia ×2 · Skirmisher ×2
Feudal
—
Castle
—
Imperial
—
| APM avg | 41.4 |
| APM peak | 141 |
| eAPM avg | 15.7 |
| Villagers / military | 57 / 0 |
Focus
⚔️ 23.5% · 🌾 76.5%
Match map
Initial resources + every placement click. Lines = walls · curves = elevation contours. ◆ gold · ⬟ stone · ● berries · ✦ relic · ◌ wall gap
Your base· Open — unwalled flank
Redwood MC9's base· Open — unwalled flank
Smoothed initial terrain · ◌ = detected wall gap · hover for details
Inputs per minute
— Bubbagump - - Redwood MC9
Build order — Bubbagump
99 actions detected in the replay
| 0:01 | Queue | Villager (Male) |
| 0:01 | Queue | Villager (Male) |
| 0:01 | Queue | Villager (Male) |
| 0:02 | Build | House |
| 0:03 | Build | House |
| 0:05 | Queue | Villager (Male) |
| 1:23 | Queue | Villager (Male) |
| 1:59 | Build | Lumber Camp |
| 2:00 | Queue | Villager (Male) |
| 2:19 | Queue | Villager (Male) |
| 2:19 | Queue | Villager (Male) |
| 2:45 | Queue | Villager (Male) |
| 2:45 | Queue | Villager (Male) |
| 3:05 | Queue | Villager (Male) |
| 3:37 | Build | House |
| 3:43 | Queue | Villager (Male) |
| 3:55 | Queue | Villager (Male) |
| 3:55 | Queue | Villager (Male) |
| 4:20 | Queue | Villager (Male) |
| 4:52 | Build | Barracks |
| 4:54 | Queue | Villager (Male) |
| 5:18 | Queue | Villager (Male) |
| 5:29 | Build | House |
| 5:36 | Queue | Villager (Male) |
| 5:45 | Queue | Militia |
| 5:58 | Queue | Militia |
| 6:06 | Queue | Villager (Male) |
| 6:13 | Build | Mill |
| 6:38 | Build | House |
| 6:39 | Queue | Villager (Male) |
| 7:02 | Queue | Villager (Male) |
| 7:27 | Queue | Villager (Male) |
| 7:30 | Build | Mill |
| 7:54 | Queue | Villager (Male) |
| 7:56 | Queue | Villager (Male) |
| 8:13 | Queue | Villager (Male) |
| 8:22 | Build | Farm |
| 8:38 | Build | Farm |
| 9:00 | Build | Farm |
| 9:05 | Research | Loom |
| 9:17 | Research | Feudal Age |
| 9:29 | Build | Farm |
| 10:35 | Build | House |
| 11:17 | Queue | Villager (Male) |
| 11:46 | Age | Feudal Age |
| 11:52 | Build | Archery Range |
| 11:52 | Queue | Villager (Male) |
| 11:59 | Queue | Villager (Male) |
| 12:25 | Queue | Villager (Male) |
| 12:40 | Queue | Skirmisher |
| 12:44 | Research | Double-Bit Axe |
| 12:44 | Queue | Villager (Male) |
| 12:56 | Build | Stone Wall |
| 12:58 | Build | Stone Wall |
| 13:01 | Build | Stone Wall |
| 13:02 | Build | Stone Wall |
| 13:04 | Build | Stone Wall |
| 13:06 | Build | Stone Wall |
| 13:21 | Queue | Skirmisher |
| 15:18 | Queue | Archer |
| 15:30 | Build | House |
| 16:20 | Queue | Archer |
| 17:36 | Queue | Archer |
| 19:12 | Queue | Archer |
| 20:50 | Queue | Archer |
| 22:36 | Queue | Archer |
| 23:36 | Build | Lumber Camp |
| 24:35 | Build | Archery Range |
| 25:01 | Build | Town Center |
| 26:05 | Build | Blacksmith |
| 26:54 | Build | Market |
| 27:14 | Queue | Archer |
| 27:24 | Build | House |
| 27:59 | Build | Donjon |
| 28:05 | Build | House |
| 28:06 | Build | House |
| 28:12 | Build | Stone Wall |
| 28:12 | Build | Stone Wall |
| 28:12 | Build | Stone Wall |
| 28:13 | Build | Stone Wall |
| 28:13 | Build | Stone Wall |
| 28:13 | Build | Stone Wall |
| 28:24 | Research | Fletching |
| 28:24 | Research | Fletching |
| 28:42 | Queue | Archer |
| 29:13 | Build | Mining Camp |
| 29:21 | Build | Lumber Camp |
| 29:24 | Queue | Archer |
| 29:40 | Build | Mining Camp |
| 29:42 | Build | House |
| 30:02 | Build | Outpost |
| 30:05 | Build | Outpost |
| 30:09 | Build | Outpost |
| 30:24 | Build | Mill |
| 31:03 | Queue | Archer |
| 31:04 | Queue | Archer |
| 31:09 | Build | Outpost |
| 31:10 | Build | Outpost |
| 31:18 | Build | House |
Build order — Redwood MC9
80 actions detected in the replay
| 0:00 | Queue | Villager (Male) |
| 0:01 | Queue | Villager (Male) |
| 0:02 | Build | House |
| 0:03 | Build | House |
| 0:23 | Queue | Villager (Male) |
| 0:24 | Queue | Villager (Male) |
| 0:24 | Queue | Villager (Male) |
| 1:31 | Queue | Villager (Male) |
| 1:47 | Build | House |
| 1:48 | Build | Lumber Camp |
| 2:02 | Queue | Villager (Male) |
| 2:16 | Queue | Villager (Male) |
| 3:00 | Queue | Villager (Male) |
| 3:00 | Queue | Villager (Male) |
| 3:02 | Queue | Villager (Male) |
| 3:02 | Queue | Villager (Male) |
| 3:33 | Queue | Villager (Male) |
| 3:55 | Build | House |
| 4:13 | Queue | Villager (Male) ×2 |
| 4:35 | Queue | Villager (Male) |
| 4:35 | Queue | Villager (Male) |
| 5:05 | Queue | Villager (Male) |
| 5:47 | Queue | Villager (Male) |
| 6:12 | Queue | Villager (Male) |
| 6:12 | Research | Loom |
| 6:32 | Queue | Villager (Male) |
| 6:36 | Build | Mill |
| 7:09 | Queue | Villager (Male) |
| 7:39 | Build | Palisade Gate |
| 7:42 | Build | House |
| 7:44 | Build | House |
| 7:45 | Queue | Villager (Male) |
| 7:53 | Build | Palisade Wall |
| 7:58 | Build | Palisade Wall |
| 8:24 | Queue | Villager (Male) |
| 8:47 | Queue | Villager (Male) |
| 8:57 | Queue | Villager (Male) |
| 10:08 | Build | Town Center |
| 10:47 | Build | Palisade Wall |
| 10:50 | Build | Palisade Wall |
| 10:55 | Queue | Villager (Male) |
| 10:55 | Queue | Villager (Male) ×5 |
| 10:55 | Queue | Villager (Male) ×5 |
| 11:11 | Build | Palisade Wall |
| 11:14 | Build | Palisade Wall |
| 11:16 | Build | Palisade Wall |
| 11:22 | Build | Palisade Wall |
| 11:28 | Build | Palisade Wall |
| 11:36 | Build | Palisade Wall |
| 12:14 | Build | Palisade Wall |
| 15:23 | Queue | Villager (Male) |
| 15:23 | Queue | Villager (Male) |
| 15:59 | Queue | Villager (Male) ×5 |
| 15:59 | Queue | Villager (Male) ×5 |
| 16:33 | Build | Lumber Camp |
| 16:49 | Build | House |
| 16:50 | Build | House |
| 19:01 | Build | Palisade Wall |
| 19:03 | Build | Palisade Wall |
| 22:28 | Build | Palisade Wall |
| 22:46 | Build | Mill |
| 24:58 | Queue | Villager (Male) |
| 25:45 | Queue | Villager (Male) |
| 26:49 | Queue | Villager (Male) ×3 |
| 27:13 | Build | Barracks |
| 27:33 | Build | Mill |
| 28:25 | Build | Town Center |
| 28:45 | Build | Town Center |
| 29:24 | Build | House |
| 29:26 | Build | House |
| 29:28 | Build | Palisade Wall |
| 29:36 | Queue | Villager (Male) |
| 29:36 | Queue | Villager (Male) |
| 30:22 | Build | Farm |
| 30:25 | Build | Farm |
| 30:28 | Build | House |
| 30:30 | Build | House |
| 31:00 | Queue | Villager (Male) |
| 31:10 | Build | Farm |
| 31:12 | Build | Farm |
Match timeline
| 4:52 | Bubbagump · first_building Barracks |
| 7:53 | Redwood MC9 · wall_segment Palisade Wall x1 |
| 7:58 | Redwood MC9 · wall_segment Palisade Wall x1 |
| 10:47 | Redwood MC9 · wall_segment Palisade Wall x1 |
| 10:50 | Redwood MC9 · wall_segment Palisade Wall x1 |
| 11:11 | Redwood MC9 · wall_segment Palisade Wall x1 |
| 11:14 | Redwood MC9 · wall_segment Palisade Wall x1 |
| 11:16 | Redwood MC9 · wall_segment Palisade Wall x1 |
| 11:22 | Redwood MC9 · wall_segment Palisade Wall x1 |
| 11:28 | Redwood MC9 · wall_segment Palisade Wall x1 |
| 11:36 | Redwood MC9 · wall_segment Palisade Wall x1 |
| 11:46 | Bubbagump · age_up feudal |
| 11:52 | Bubbagump · first_building Archery Range |
| 12:14 | Redwood MC9 · wall_segment Palisade Wall x1 |
| 12:56 | Bubbagump · wall_segment Stone Wall x1 |
| 12:58 | Bubbagump · wall_segment Stone Wall x1 |
| 13:01 | Bubbagump · wall_segment Stone Wall x1 |
| 13:02 | Bubbagump · wall_segment Stone Wall x1 |
| 13:04 | Bubbagump · wall_segment Stone Wall x1 |
| 13:06 | Bubbagump · wall_segment Stone Wall x1 |
| 19:01 | Redwood MC9 · wall_segment Palisade Wall x1 |
| 19:03 | Redwood MC9 · wall_segment Palisade Wall x1 |
| 22:28 | Redwood MC9 · wall_segment Palisade Wall x1 |
| 27:13 | Redwood MC9 · first_building Barracks |
| 27:53 | Bubbagump · first_market_sell 100 wood |
| 27:54 | Bubbagump · first_market_buy 100 stone |
| 27:59 | Bubbagump · first_building Donjon |
| 28:12 | Bubbagump · wall_segment Stone Wall x1 |
| 28:12 | Bubbagump · wall_segment Stone Wall x1 |
| 28:12 | Bubbagump · wall_segment Stone Wall x1 |
| 28:13 | Bubbagump · wall_segment Stone Wall x1 |
| 28:13 | Bubbagump · wall_segment Stone Wall x1 |
| 28:13 | Bubbagump · wall_segment Stone Wall x1 |
| 29:28 | Redwood MC9 · wall_segment Palisade Wall x7 |
| 31:40 | Redwood MC9 · resign |
[ AI ANALYSIS · 1 CREDIT ]
What really happened in this match?
Wolo.gg analyzes every decision: build order, eco, micro, common mistakes by bracket. Personalized analysis on WhatsApp or Discord in 30 seconds.
Civ guide
Sicilians
Perfil
Bubbagump